 Dungeon Crawl Stone Soup version 0.30.1-3-gfc49f6343a (webtiles) character file.

Game seed: 13179035661310897316

108 Atelerd the Digger (level 4, -1/27 HPs)
             Began as an Octopode Earth Elementalist on July 19, 2023.
             Succumbed to a scorpion's poison
             ... on level 4 of the Dungeon.
             The game lasted 00:02:03 (3111 turns).

Atelerd the Digger (Octopode Earth Elementalist)    Turns: 3111, Time: 00:02:03

Health: -1/27      AC:  1    Str:  7    XL:     4   Next: 87%
Magic:  5/7        EV: 13    Int: 17    God:
Gold:   268        SH:  0    Dex: 14    Spells: 7/8 levels left

rFire   . . .        g - +0 dagger
rCold   . . .        (no shield)
rNeg    + . .        (helmet restricted)
rPois   .            (no amulet)
rElec   .            o - ring of see invisible
rCorr   .            k - ring of positive energy
SInv    +            (no ring)
Will    .....        (no ring)
Stlth   +++          (no ring)
HPRegen 0.24/turn    (no ring)
MPRegen 0.10/turn    (no ring)
                     (no ring)

%: no passive effects
@: brilliant, lethally poisoned (-1 -> -8)
A: almost no armour, amphibious, 8 rings, camouflage 1, gelatinous body 1,
(nimble swimmer 1), tentacles
a: no special abilities


You were on level 4 of the Dungeon.
You visited 1 branch of the dungeon, and saw 4 of its levels.

You collected 268 gold pieces.

Inventory:

Hand Weapons
 g - a +0 dagger (weapon)
Jewellery
 k - a ring of positive energy (right tentacle)
 o - a ring of see invisible (left tentacle)
Scrolls
 b - 4 scrolls of teleportation {unknown}
 c - a scroll of blinking {unknown}
 e - 2 scrolls of identify {unknown}
 f - 2 scrolls of enchant armour {unknown}
 h - a scroll of fog {unknown}
 n - a scroll of amnesia {unknown}
 p - 2 scrolls of immolation {unknown}
 q - a scroll of magic mapping {unknown}
Potions
 a - a potion of magic
 d - a potion of cancellation
 j - 3 potions of curing {unknown}
 l - 2 potions of ambrosia {unknown}
 m - a potion of haste {unknown}
 r - a potion of attraction {unknown}


   Skills:
 - Level 2.1 Dodging
 + Level 3.7 Stealth
 + Level 2.6 Spellcasting
 + Level 1.7 Transmutations
 + Level 4.2 Earth Magic


You had 7 spell levels left.
You knew the following spells:

 Your Spells              Type           Power      Damage    Failure   Level
a - Sandblast             Erth           50%        2d12      3%          1

Your spell library contained the following spells:

 Spells                   Type           Power      Damage    Failure   Level
 Passwall                 Tmut/Erth      15%        N/A       8%          2
 Stone Arrow              Conj/Erth      28%        3d8       22%         3
 Ensorcelled Hibernation  Hex/Ice        6%         N/A       28%         2
 Spider Form              Tmut/Pois      7%         N/A       36%         3
 Petrify                  Tmut/Erth      18%        N/A       45%         4
 Anguish                  Hex/Necr       1%         N/A       88%         4


Dungeon Overview and Level Annotations

Branches:
Dungeon (4/15)
 Temple: D:4-7

Altars:
Kikubaaqudgha
Xom

Annotations:
D:4 Pikel


Innate Abilities, Weirdness & Mutations

You cannot wear most types of armour.
You are amphibious.
You can wear up to eight rings at the same time.
Your skin changes colour to match your surroundings (Stealth+).
Your rubbery body absorbs attacks. (AC +1, EV +1)
((You are camouflaged when in or above water. (Stealth+)))
You have tentacles for arms and can constrict up to eight enemies at once.


Message History

You can't see any susceptible monsters within range! (Use Z to cast anyway.)
Found 2 poisoned darts.
No target in view!
Key pressed, stopping explore.
You can't see any susceptible monsters within range! (Use Z to cast anyway.) No target in view!
Key pressed, stopping explore.
You can't see any susceptible monsters within range! (Use Z to cast anyway.)
You see here 2 poisoned darts.
A lemure comes into view.
A scorpion comes into view.
The lemure shouts!
You hear a shout! x2
A lemure comes into view.
There are monsters nearby!
The blast of sand hits the scorpion but does no damage.
A lemure comes into view.
The scorpion barely misses you. The scorpion closely misses you.
The lemure closely misses you.
The blast of sand hits the scorpion.
The scorpion is lightly wounded.
The scorpion stings you.
You are poisoned.
The scorpion poisons you!
Pikel, Merchant of Souls comes into view.
He is wielding a +0 whip of freezing.
The lemure hits you! The lemure attacks as you move away!
The lemure barely misses you.
You feel sick. The scorpion barely misses you.
The scorpion attacks as you move away! The scorpion stings you!
* * * LOW HITPOINT WARNING * * *
You are lethally poisoned!
The scorpion poisons you!
* * * LOW HITPOINT WARNING * * *
You feel very sick.
It was a potion of cancellation.
You feel magically purged.
* * * LOW HITPOINT WARNING * * *
You feel very sick. The scorpion barely misses you.
It was a potion of brilliance.
You feel clever all of a sudden.
You die...

.......####.# . ....
............# .# #. K# #
........⌠...# #. .... ..
............# ##.#. .#.#.
.###...####.## .........
.# #.8.#.....# ..#.#.#.#
####...#####.# #.5......
...#########.#####5.#.#.#
##.###.##.......@s5.......
##....##.##.######....###
##..........# #####
#.(.........#
##....##.##.# ##......##.#
###.#####.# #.......#
#########


You could see 3 lemures and a scorpion.

Vanquished Creatures
  4 adders
  A worm (D:2)
  3 dart slugs
  5 endoplasms
  2 giant cockroaches
  A goblin (D:3)
  8 hobgoblins
  2 jackals (D:1)
  8 kobolds
  7 quokkas
  6 ball pythons
  5 bats
  5 frilled lizards
  2 rats
59 creatures vanquished.

Notes
Turn   | Place    | Note
-------+----------+-------------------------------------------
     0 | D:1      | Atelerd the Octopode Earth Elementalist began the quest for
                  | the Orb.
     0 | D:1      | Reached XP level 1. HP: 11/11 MP: 3/3
   268 | D:1      | Reached XP level 2. HP: 17/17 MP: 3/5
   951 | D:1      | Reached XP level 3. HP: 5/21 MP: 1/6
  1206 | D:2      | Reached skill level 4 in Earth Magic
  1490 | D:2      | Found an ancient bone altar of Kikubaaqudgha.
  1911 | D:2      | Reached XP level 4. HP: 27/27 MP: 5/7
  2305 | D:3      | Found a shimmering altar of Xom.
  2463 | D:3      | Found a faded altar of an unknown god.
  3103 | D:4      | Noticed a lemure
  3104 | D:4      | Noticed a scorpion
  3104 | D:4      | Noticed a lemure
  3105 | D:4      | Noticed a lemure
  3107 | D:4      | Noticed Pikel
  3110 | D:4      | HP: 1/27 [poisoned by a scorpion]
  3111 | D:4      | Succumbed to a scorpion's poison

Illustrated notes

Levels and vault maps discovered:
D:1:      dpeg_arrival_court, layout_loops_cross, serial_forest,
          infiniplex_forest_zigzag_2, infiniplex_forest_lined_2,
          infiniplex_forest_straight_2, infiniplex_forest_clump_curved,
          infiniplex_forest_side_room, infiniplex_forest_lined_1,
          infiniplex_forest_clump_small, minmay_quantized
D:2:      layout_basic, basic_altar
D:3:      layout_loops_ring, xom_teletrap_fun,
          ebering_ecumenical_altar_sacrificial, kennysheep_generic_room_16
D:4:      layout_loops_cross, minmay_misc_feat_ornament, hex_large,
          nicolae_elevator_lobby_asterisk, uniq_pikel, uniq_sigmund

Skill      XL: |  1  2  3 |
---------------+----------+-----
Stealth        | 3 |  3.7
Earth Magic    | 4 |  4.2
Dodging        | |  2.1
Spellcasting   | |  2.6
Transmutations | |  1.7

Action                     |  1- 3 |  4- 6 || total
---------------------------+-------+-------++-------
  Melee: Unarmed           |     1 |       ||     1
         Dagger            |    18 |     8 ||    26
         Constrict         |     9 |     2 ||    11
         Tentacles         |     5 |     2 ||     7
   Cast: Sandblast         |    52 |    36 ||    88
    Use: Potion            |       |     2 ||     2
   Stab: Sleeping          |     2 |     2 ||     4
 Armour: Skin              |     2 |     2 ||     4
  Dodge: Dodged            |    31 |    34 ||    65
